 Dungeon Crawl Stone Soup version 0.24.0-7-gb3623d2c88 (webtiles) character file.

Game seed: 16526898633843307226, levelgen mode: deterministic

655 Esekla the Slasher (level 7, 0/55 HPs)
             Began as a Formicid Wanderer on Nov 2, 2019.
             Slain by a killer bee (5 damage)
             ... on level 8 of the Dungeon.
             The game lasted 00:32:00 (3387 turns).

Esekla the Slasher (Formicid Wanderer)              Turns: 3387, Time: 00:32:01

Health: 0/55       AC: 10    Str: 19    XL:     7   Next: 85%
Magic:  7/7        EV: 13    Int: 14    God:
Gold:   194        SH:  5    Dex: 17    Spells: 6/6 levels left

rFire    . . .     SeeInvis +   a - +2 falchion
rCold    . . .     Gourm    .   (no shield)
rNeg     . . .     Faith    .   g - +0 chain mail
rPois    .         Spirit   .   (helmet unavailable)
rElec    .         Reflect  +   (no cloak)
rCorr    .         Harm     .   u - +0 pair of gloves (curse)
MR       .....                  (no boots)
Stlth    ..........             o - +5 amulet of reflection
HPRegen  0.18/turn              (no ring)
MPRegen  0.10/turn              (no ring)

@: brilliant, agile, lethally poisoned (0 -> -4)
A: permanent stasis, dig shafts and tunnels, four strong arms, antennae 3
a: Dig, Shaft Self


You were on level 8 of the Dungeon.
You were not hungry.

You visited 1 branch of the dungeon, and saw 8 of its levels.

You collected 194 gold pieces.

Inventory:

Hand Weapons
 a - a +2 falchion (weapon)
 h - a +2 dagger of holy wrath
 y - a +2 dagger of electrocution
Missiles
 j - 2 javelins
 m - 11 poisoned darts (quivered)
Armour
 b - a +0 ring mail
 g - a +0 chain mail (worn)
 u - a cursed +0 pair of gloves (worn)
Jewellery
 l - an uncursed amulet of the gourmand
 o - a +5 amulet of reflection (around neck)
Wands
 f - a wand of disintegration (21)
Scrolls
 e - a scroll of immolation {unknown}
 p - a scroll of amnesia {unknown}
 q - a scroll of remove curse
 s - a scroll of teleportation {unknown}
 t - a scroll of enchant weapon {unknown}
 v - a scroll of noise {unknown}
 x - a scroll of random uselessness {unknown}
Potions
 i - 3 potions of flight
 r - a potion of haste
Comestibles
 d - 5 rations


   Skills:
 * Level 4.9 Fighting
 + Level 6.5 Long Blades
   Level 2.0 Maces & Flails
 * Level 4.4 Armour
 + Level 0.9 Dodging
   Level 1.2 Shields
 + Level 1.1 Evocations


You had 6 spell levels left.
You didn't know any spells.
Your spell library was empty.

Dungeon Overview and Level Annotations

Branches:
Dungeon (9/15)                Orc (0/2) D:9
 Temple: D:4-7         Lair: D:8-11

Altars:
Dithmenos
Wu Jian
Xom
Yredelemnul
The Shining One


Innate Abilities, Weirdness & Mutations

You cannot be hasted, slowed, berserked, paralysed or teleported.
You can dig through walls and to a lower floor.
Your four strong arms can wield two-handed weapons with a shield.
You have a pair of large antennae on your head. (SInv)


Message History

The killer bee is moderately wounded.
* * * LOW HITPOINT WARNING * * *
You feel sick. You block the killer bee's attack. The killer bee misses you.
It was a potion of brilliance.
You feel clever all of a sudden. The killer bee misses you.
You block the killer bee's attack.
You closely miss the killer bee.
The killer bee is moderately wounded.
* * * LOW HITPOINT WARNING * * *
You feel sick.
The killer bee stings you but does no damage. x2
You slash the killer bee!
The killer bee is severely wounded.
* * * LOW HITPOINT WARNING * * *
You feel sick. You block the killer bee's attack. x2
You miss the killer bee.
The killer bee is severely wounded.
* * * LOW HITPOINT WARNING * * *
You feel sick. The killer bee stings you.
You die...

#. ..## #..##
... ... #.#
#.# #@# #y#
.......y....#
...
####......###
..# ...#
#..#..## ..a
...##
#..###.. ..{
##...## #.#
#.# #. #
##..... .# .#
# .##....# #.
.. ###


You could see 2 killer bees.

Vanquished Creatures
  A hippogriff (D:7)
  A scorpion (D:4)
  A killer bee (D:8)
  An orc priest (D:4)
  Jessica (D:2)
  Natasha (thrice) (D:2)
  An orc wizard (D:4)
  2 worker ants
  Robin (D:3)
  4 adders
  An ooze (D:2)
  An adder skeleton (D:4)
  A worm (D:2)
  2 dart slugs (D:3)
  3 leopard geckos
  11 orcs
  11 bats
  5 giant cockroaches
  15 goblins
  13 hobgoblins
  9 jackals
  2 quokkas
  4 frilled lizards (D:2)
  10 kobolds
  8 rats
112 creatures vanquished.

Notes
Turn   | Place    | Note
-------+----------+-------------------------------------------
     0 | D:1      | Esekla the Formicid Wanderer began the quest for the Orb.
     0 | D:1      | Esekla set off with the following items: a +2 falchion, a
                  | +0 ring mail, a +0 mace, a ration
     0 | D:1      | Reached XP level 1. HP: 16/16 MP: 1/1
   212 | D:1      | Reached XP level 2. HP: 9/22 MP: 2/2
   671 | D:1      | Reached XP level 3. HP: 23/28 MP: 3/3
   813 | D:1      | Reached skill level 1 in Armour
  1152 | D:2      | Found an ornate altar of the Wu Jian Council.
  1215 | D:2      | Reached XP level 4. HP: 24/34 MP: 4/4
  1232 | D:2      | Reached skill level 5 in Long Blades
  1405 | D:2      | Noticed Jessica
  1407 | D:2      | Noticed Natasha
  1410 | D:2      | Killed Jessica
  1410 | D:2      | Reached XP level 5. HP: 37/40 MP: 5/5
  1421 | D:2      | Killed Natasha
  1491 | D:3      | Found a basalt altar of Yredelemnul.
  1618 | D:2      | Noticed Natasha
  1632 | D:2      | Killed Natasha
  1654 | D:2      | Noticed Natasha
  1663 | D:2      | Killed Natasha
  1663 | D:2      | Reached XP level 6. HP: 35/47 MP: 6/6
  1899 | D:3      | Found a shimmering altar of Xom.
  2232 | D:3      | Found a shadowy altar of Dithmenos.
  2397 | D:3      | Noticed Robin
  2481 | D:3      | Killed Robin
  2721 | D:4      | Reached skill level 6 in Long Blades
  2721 | D:4      | Reached XP level 7. HP: 52/54 MP: 7/7
  2778 | D:4      | You fall into a shaft and drop 1 floor!
  2778 | D:5      | Entered Level 5 of the Dungeon
  2822 | D:5      | You fall into a shaft and drop 3 floors!
  2910 | D:8      | Found a glowing golden altar of the Shining One.
  2947 | D:8      | Noticed a hippogriff
  3001 | D:7      | HP: 1/55 [hippogriff (2)]
  3005 | D:7      | Killed a hippogriff
  3052 | D:7      | Noticed a hippogriff
  3057 | D:7      | You fall into a shaft and drop 1 floor!
  3137 | D:8      | Noticed a hungry ghost
  3138 | D:8      | You fall into a shaft and drop 1 floor!
  3138 | D:9      | Found a staircase to the Orcish Mines.
  3366 | D:9      | Noticed a yak
  3368 | D:9      | Noticed a yak
  3368 | D:9      | Noticed a yak
  3372 | D:9      | Noticed a yak
  3387 | D:8      | Slain by a killer bee

Levels and vault maps discovered:
D:1:      wheals_arrival_linesprint, layout_basic, minmay_cupped
D:2:      layout_rooms, lemuel_coloured_pillars_altar, uniq_natasha,
          uniq_jessica
D:3:      layout_loops_cross, lemuel_doored_altar, xom_teletrap_fun,
          minmay_misc_feat_square, yredelemnul_altar_generic, uniq_robin
D:4:      layout_rooms, first_ration, due_unseen_surprise
D:5:      layout_layer_cave, kennysheep_mini_moat, minmay_temple_entry_glass,
          grunt_ministairs_1
D:7:      layout_rooms, minmay_overflow_temple_star_hex
D:8:      layout_layer_cave, overflow_temple_1_default, serial_shops,
          shop_fountains, kennysheep_generic_room_8
D:9:      layout_basic, trog_eyes_of_draining, orc_0_dummy

Skill      XL: |  1  2  3  4  5  6  7 |
---------------+----------------------+-----
Armour         | 1 2 3 4 |  4.4
Long Blades    | 5 6 |  6.5
Fighting       | 3 4 |  4.9
Maces & Flails | |  2.0
Dodging        | |  0.9
Shields        | |  1.2
Evocations     | |  1.1

Action                   |  1- 3 |  4- 6 |  7- 9 || total
-------------------------+-------+-------+-------++-------
Melee: Falchion          |   117 |   245 |    81 ||   443
Throw: Javelin           |       |     1 |       ||     1
       Dart              |       |     9 |       ||     9
 Abil: Shaft Self        |       |       |     4 ||     4
       Dig               |       |       |     1 ||     1
  Use: Scroll            |     1 |     1 |     2 ||     4
       Potion            |       |       |     8 ||     8
  Eat: Chunk             |       |     5 |       ||     5
       Ration            |       |       |     2 ||     2
Armor: Chain mail        |    80 |   114 |    83 ||   277
Dodge: Dodged            |    56 |    69 |    60 ||   185
Block: Other             |       |    31 |    26 ||    57
       Reflection        |       |     1 |       ||     1
       Rpst.: Falchion   |    21 |    24 |    11 ||    56
